Map: Vestígio Bel'Shir LE (Void)

Players

efelinto - Winner!

  • Race: Protoss Protoss
  • League: Diamond
  • Spawn Location: 11:00

I.A. 1 (Médio)

  • Race: Zerg Zerg
  • Spawn Location: 5:00

VOD

Have the link to the VOD?

Description

Time

  • Played on: April 28, 2017, 12:58 p.m.
  • Length: 13:18
Show
View Real Time Build Order
Export as new Build Order

efelinto Protoss - Winner!

Build Orders: Oracle Opening 

Get SALT Encoding   

  12  0:02  Probe (Chrono Boost)  
  13  0:12  Probe (Chrono Boost)  
  14  0:18  Pylon  
  14  0:23  Probe (Chrono Boost)  
  15  0:37  Probe (Chrono Boost)  
  16  0:47  Probe (Chrono Boost)  
  17  0:58  Probe (Chrono Boost)  
  18  1:06  Nexus  
  18  1:14  Probe (Chrono Boost)  
  18  1:17  Gateway  
  19  1:20  Assimilator  
  19  1:26  Assimilator  
  19  1:27  Probe (Chrono Boost)  
  21  1:40  Probe (Chrono Boost)  
  21  1:44  Pylon  
  21  1:50  Probe (Chrono Boost)  
  22  2:01  Probe (Chrono Boost)  
  23  2:09  Cybernetics Core  
  23  2:10  Zealot  
  23  2:12  Probe (Chrono Boost)  
  26  2:23  Probe (Chrono Boost)  
  26  2:24  Probe (Chrono Boost)  
  28  2:33  Probe (Chrono Boost)  
  29  2:43  Probe (Chrono Boost)  
  31  2:44  Warp Gate  
  31  2:45  Probe (Chrono Boost)  
  31  2:50  Stalker  
  31  2:55  Stargate  
  33  3:01  Pylon  
  33  3:05  Probe (Chrono Boost)  
  35  3:06  Probe (Chrono Boost)  
  35  3:15  Probe (Chrono Boost)  
  35  3:16  Zealot  
  35  3:18  Probe (Chrono Boost)  
  37  3:20  Assimilator  
  37  3:21  Assimilator  
  37  3:26  Probe (Chrono Boost)  
  40  3:30  Probe (Chrono Boost)  
  41  3:36  Probe (Chrono Boost), Oracle  
  46  3:42  Probe (Chrono Boost)  
  46  3:47  Probe (Chrono Boost)  
  47  3:49  Adept  
  47  3:54  Probe (Chrono Boost)  
  50  3:59  Probe (Chrono Boost)  
  51  4:06  Probe (Chrono Boost)  
  52  4:10  Twilight Council, Probe (Chrono Boost)  
  52  4:14  Robotics Facility  
  54  4:18  Probe (Chrono Boost)  
  54  4:27  Pylon  
  54  4:30  Pylon  
  54  4:31  Pylon  
  54  4:40  Void Ray  
  54  4:43  Probe (Chrono Boost)  
  54  4:44  Nexus  
  57  5:02  Probe (Chrono Boost)  
  57  5:03  Probe (Chrono Boost)  
  59  5:07  Gateway  
  59  5:09  Gateway  
  59  5:11  Gateway  
  59  5:12  Gateway  
  59  5:17  Void Ray  
  59  5:19  Resonating Glaives  
  63  5:41  Immortal  
  67  5:44  Pylon  
  67  5:54  Void Ray  
  67  5:58  Probe x2 (Chrono Boost)  
  67  5:59  Probe (Chrono Boost)  
  74  6:08  Probe (Chrono Boost)  
  74  6:09  Probe (Chrono Boost)  
  74  6:11  Probe (Chrono Boost)  
  77  6:19  Probe (Chrono Boost)  
  77  6:21  Immortal  
  77  6:23  Probe (Chrono Boost)  
  83  6:31  Void Ray  
  87  6:51  Probe x2 (Chrono Boost)  
  87  6:52  Probe (Chrono Boost)  
  90  6:54  Zealot  
  90  6:55  Zealot x3  
  90  6:56  Zealot  
  94  7:09  Void Ray  
  98  7:16  Zealot  
  100  7:23  Robotics Bay  
  100  7:25  Probe (Chrono Boost)  
  100  7:26  Assimilator  
  100  7:28  Assimilator  
  101  7:31  Pylon  
  101  7:37  Pylon  
  101  7:39  Pylon  
  101  7:41  Pylon  
  101  7:42  Pylon  
  101  7:44  Pylon  
  101  7:46  Void Ray  
  101  7:47  Pylon  
  101  7:49  Probe x2 (Chrono Boost), Pylon  
  101  7:50  Pylon  
  103  7:57  Sentry  
  103  7:58  Sentry x3  
  111  7:59  Sentry  
  117  8:13  Extended Thermal Lance  
  117  8:19  Pylon  
  117  8:23  Void Ray  
  117  8:31  Pylon  
  121  8:34  Forge  
  121  8:46  Zealot x5  
  131  9:01  Probe x2 (Chrono Boost)  
  131  9:02  Probe (Chrono Boost)  
  134  9:03  Phoenix  
  136  9:11  Gateway  
  136  9:12  Nexus  
  136  9:13  Gateway  
  136  9:14  Probe (Chrono Boost)  
  137  9:19  Gateway x2  
  137  9:22  Void Ray  
  137  9:23  Zealot x4  
  137  9:24  Zealot, Photon Cannon x2  
  147  9:30  Photon Cannon x2  
  151  9:58  Stalker  
  151  9:59  Stalker x3, Void Ray  
  161  10:32  Stalker x3  
  161  10:33  Stalker x2  
  171  10:58  Zealot x2  
  171  10:59  Zealot x3  
  181  11:11  Phoenix  
  179  11:19  Probe x3 (Chrono Boost)  
  179  11:20  Probe (Chrono Boost)  
  183  11:30  Probe x3 (Chrono Boost)  
  187  11:33  Probe (Chrono Boost), Zealot x5, Phoenix  
  199  11:51  Assimilator  
  199  11:54  Assimilator, Pylon  
  199  11:56  Pylon  
  199  12:01  Pylon  
  186  12:44  Stalker x3  
  186  12:45  Stalker x5  
  198  13:06  Stalker  
Show
View Real Time Build Order
Export as new Build Order

I.A. 1 (Médio) Zerg 

Build Orders: Pool First 

Get SALT Encoding   

  12  0:00  Drone  
  13  0:12  Overlord  
  13  0:17  Drone  
  14  0:30  Drone  
  14  0:33  Drone  
  16  0:43  Spawning Pool  
  16  0:44  Drone  
  16  0:48  Drone  
  17  0:51  Extractor  
  17  0:55  Drone  
  17  1:05  Overlord  
  17  1:31  Zergling x2  
  17  1:32  Queen  
  18  1:34  Roach Warren  
  18  1:36  Zergling x2  
  18  1:38  Drone  
  21  1:40  Extractor  
  20  1:49  Drone  
  20  1:52  Baneling Nest  
  20  1:59  Drone  
  21  2:10  Zergling x2  
  22  2:21  Drone  
  23  2:31  Zergling x2  
  23  2:37  Baneling x3  
  24  2:39  Overlord, Zergling x2  
  25  2:44  Zergling x2  
  25  2:49  Zergling x2  
  27  2:54  Zergling x2  
  28  3:05  Zergling x2  
  29  3:10  Baneling  
  29  3:11  Overlord, Zergling x2, Baneling  
  30  3:16  Zergling x2  
  31  3:21  Zergling x2  
  31  3:26  Baneling  
  32  3:27  Zergling x2  
  32  3:29  Evolution Chamber  
  32  3:38  Drone  
  33  3:43  Drone  
  33  3:46  Drone  
  35  3:49  Drone  
  35  3:51  Drone  
  37  4:00  Drone  
  38  4:11  Drone  
  39  4:40  Zergling x2  
  39  4:46  Baneling  
  39  6:04  Lair, Overlord, Roach  
  39  6:06  Spore Crawler  
  39  6:07  Drone, Spore Crawler  
  39  6:10  Evolution Chamber  
  39  6:11  Drone  
  40  6:14  Hatchery  
  40  6:15  Drone  
  39  6:19  Roach  
  39  6:22  Drone, Overlord  
  39  6:25  Drone  
  43  6:33  Roach  
  43  6:36  Drone  
  45  6:45  Overlord  
  43  6:47  Roach  
  45  6:58  Spine Crawler  
  44  7:02  Roach  
  44  7:03  Hydralisk Den, Overseer x2  
  44  7:06  Drone, Spine Crawler  
  37  7:09  Drone, Infestation Pit  
  37  7:11  Spire  
  37  7:13  Drone  
  33  7:17  Drone  
  33  7:21  Zergling x2  
  35  7:27  Drone  
  36  7:30  Drone  
  36  7:33  Drone  
  36  7:35  Hydralisk  
  36  7:36  Drone  
  41  7:39  Drone  
  41  7:44  Drone  
  43  7:47  Drone  
  44  7:54  Drone  
  44  7:55  Spore Crawler  
  44  7:56  Infestor  
  44  7:57  Drone  
  47  8:00  Drone  
  47  8:03  Drone  
  49  8:06  Drone  
  49  8:09  Drone  
  49  8:10  Spore Crawler  
  50  8:17  Drone  
  51  8:20  Drone  
  51  8:23  Queen  
  54  8:28  Drone, Hydralisk  
  54  8:30  Queen  
  54  8:31  Drone  
  60  8:34  Drone  
  60  8:39  Drone  
  60  8:40  Spine Crawler  
  61  8:42  Hydralisk  
  61  8:44  Spine Crawler  
  62  8:50  Drone  
  63  8:57  Infestor  
  65  9:32  Extractor  
  65  9:34  Extractor  
  65  9:35  Drone  
  64  9:54  Drone  
  64  9:57  Drone  
  66  10:00  Drone  
  66  10:01  Hydralisk  
  66  10:02  Overlord  
  66  10:03  Drone  
  66  10:06  Drone, Overseer  
  52  10:16  Infestor  
  52  10:21  Overlord  
  54  10:26  Mutalisk  
  56  10:33  Drone  
  56  10:34  Mutalisk  
  47  10:36  Drone  
  47  10:39  Drone  
  47  10:42  Drone  
  34  10:45  Drone  
  34  10:46  Queen  
  34  10:47  Drone  
  36  10:53  Drone  
  36  10:56  Drone  
  36  10:57  Overseer  
  39  10:59  Drone  
  39  11:01  Zergling x2  
  39  11:02  Drone  
  40  11:10  Drone  
  30  11:20  Zergling x2  
  30  11:22  Pneumatized Carapace  
  30  11:24  Drone  
  32  11:26  Hydralisk  
  33  11:32  Drone  
  33  11:33  Roach  
  34  11:43  Roach  
  35  11:52  Roach  
  35  11:53  Drone  
  38  11:56  Hatchery  
  38  11:58  Drone, Hydralisk  
  40  12:05  Hydralisk  
  37  12:08  Hatchery  
  34  12:16  Roach  
  28  12:23  Roach  
  28  12:29  Roach  
  30  12:33  Overlord  
  13  12:48  Drone x2  
Tags
 
Add a new tag
Caveats
  • Supply blocks, unpowered buildings, or Contaminate may cause inaccurate times.
  • Supply counts are checked every 10 seconds.